 Dungeon Crawl Stone Soup version 0.30.1-4-g462c640d31 (webtiles) character file.

Game seed: 2065290000186128282

152279 monsoonserge the Wrestler (level 16, -6/170 HPs)
             Began as a Troll Fighter on Sept 9, 2023.
             Was the Champion of Wu Jian.
             Mangled by a salamander
             ... wielding a +0 glaive
              (8 damage)
             ... on level 1 of the Snake Pit on Sept 11, 2023.
             The game lasted 01:44:27 (21550 turns).

monsoonserge the Wrestler (Troll Fighter)          Turns: 21550, Time: 01:44:28

Health: -6/170     AC:  9    Str: 28    XL:     16   Next: 73%
Magic:  19/19      EV:  8    Int: 10    God:    Wu Jian [******]
Gold:   4012       SH: 16    Dex:  9    Spells: 19/21 levels left

rFire   . .          .
                       - Unarmed
rCold   . . .        b - +0 kite shield
rNeg    . . .        N - +0 swamp dragon scales
rPois   +            (helmet restricted)
rElec   .            v - scarf {repulsion}
rCorr   .            (gloves unavailable)
SInv    .            (boots unavailable)
Will    +....        y - amulet of reflection Stlth
                     U - +4 ring of slaying
HPRegen 1.28/turn    t - +4 ring of slaying
MPRegen 0.16/turn

%: repel missiles, reflection
@: about to teleport, constricted, studying Staves
A: large, unfitting armour, claws 3, regeneration 1, shaggy fur 1, tough skin 1
}: 1/15 runes: decaying
a: Renounce Religion, Wall Jump, Serpent's Lash, Heavenly Storm


You were on level 1 of the Snake Pit.
You worshipped Wu Jian.
Wu Jian was exalted by your worship.
You visited 6 branches of the dungeon, and saw 25 of its levels.
You visited 1 bazaar.
You also visited: Ice Cave.

You collected 4271 gold pieces.
You spent 259 gold pieces at shops.

Inventory:

Missiles
 e - 16 datura-tipped darts
 i - 2 boomerangs of dispersal (quivered)
 s - 4 throwing nets
 E - 10 javelins
 G - 4 large rocks
 P - 12 atropa-tipped darts
 W - 5 curare-tipped darts
Armour
 b - a +0 kite shield (worn)
 v - a scarf of repulsion (worn)
 x - the +3 hat of Pondering {ponderous, Will+ MP+10 Int+5}
   (You took it off Gastronok on level 1 of the Lair of Beasts)

   Int:       It affects your intelligence (+5).
   MP:        It affects your magic capacity (+10).
   Will:      It increases your willpower.
 N - +0 swamp dragon scales (worn)
 O - a +1 robe of resistance
Jewellery
 t - a +4 ring of slaying (right claw)
 y - an amulet of reflection (around neck)
 U - a +4 ring of slaying (left claw)
 V - the ring "Vocraus" {rC- rN+ rCorr MP-9 Str+8}
   (You found it on level 9 of the Dungeon)

   [ring of resist corrosion]

   Str:       It affects your strength (+8).
   rC:        It makes you vulnerable to cold.
   rN:        It protects you from negative energy.
   MP:        It affects your magic capacity (-9).
   rCorr:     It protects you from acid and corrosion.
Wands
 a - a wand of polymorph (37)
 l - a wand of digging (11)
 B - a wand of light (27)
 M - a wand of iceblast (6)
 X - a wand of mindburst (3)
 Y - a wand of charming (6)
Scrolls
 f - 2 scrolls of fear {unknown}
 j - 3 scrolls of enchant weapon {unknown}
 m - 7 scrolls of vulnerability {unknown}
 q - a scroll of immolation {unknown}
 w - 7 scrolls of enchant armour {unknown}
 C - 4 scrolls of fog {unknown}
 F - 3 scrolls of poison {unknown}
 J - a scroll of silence {unknown}
 L - a scroll of magic mapping
 S - 6 scrolls of blinking {unknown}
 T - 2 scrolls of brand weapon {unknown}
 Z - 8 scrolls of teleportation
Potions
 c - 7 potions of might
 g - 17 potions of curing {unknown}
 h - 9 potions of attraction
 k - 2 potions of invisibility
 o - 2 potions of lignification
 r - 4 potions of flight
 u - 5 potions of magic
 z - a potion of ambrosia
 A - 8 potions of heal wounds
 D - 5 potions of haste
 H - 2 potions of berserk rage
 I - 3 potions of mutation
 K - 3 potions of resistance
 Q - 2 potions of brilliance
 R - a potion of cancellation
Miscellaneous
 d - a phial of floods
 n - a lightning rod (4/4)
 p - a phantom mirror (inert)


   Skills:
 - Level 13.3 Fighting
 - Level 10.0 Dodging
 - Level 13.3 Shields
 - Level 21.1 Unarmed Combat
 - Level 3.3 Spellcasting
 + Level 4.7 Transmutations
 + Level 5.7 Earth Magic


You had 19 spell levels left.
You knew the following spells:

 Your Spells              Type           Power      Damage    Failure   Level
a - Blink                 Tloc           2%         N/A       67%         2

Your spell library contained the following spells:

 Spells                   Type           Power      Damage    Failure   Level
 Sandblast                Erth           26%        2d8       6%          1
 Passwall                 Tmut/Erth      10%        N/A       11%         2
 Stone Arrow              Conj/Erth      14%        3d7       50%         3
 Apportation              Tloc           2%         N/A       52%         1
 Necrotise                Necr           4%         1d4       52%         1
 Summon Small Mammal      Summ           4%         N/A       52%         1
 Spider Form              Tmut/Pois      6%         N/A       56%         3
 Cigotuvi's Dreadful Rot  Necr/Pois/Air  2%         N/A       67%         2
 Ensorcelled Hibernation  Hex/Ice        2%         N/A       67%         2
 Ignite Poison            Fire/Tmut/Pois 4%         N/A       67%         3
 Lee's Rapid Deconstruct  Erth           6%         3d6*      85%         5
 Call Canine Familiar     Summ           1%         N/A       88%         3
 Dazzling Flash           Conj/Hex       2%         N/A       88%         3
 Gell's Gravitas          Tloc           1%         N/A       88%         3
 Inner Flame              Hex/Fire       1%         N/A       88%         3
 Summon Guardian Golem    Hex/Summ       1%         N/A       88%         3
 Teleport Other           Tloc           1%         N/A       88%         3
 Tukima's Dance           Hex            1%         N/A       88%         3
 Volatile Blastmotes      Fire/Tloc      2%         2d10      88%         3
 Leda's Liquefaction      Hex/Erth       3%         N/A       88%         4
 Anguish                  Hex/Necr       0%         N/A       99%         4
 Cause Fear               Hex            0%         N/A       99%         4
 Iskenderun's Mystic Bla  Conj/Tloc      1%         2d3       99%         4
 Manifold Assault         Tloc           1%         N/A       99%         4
 Passage of Golubria      Tloc           1%         N/A       99%         4
 Yara's Violent Unravell  Hex/Tmut       3%         3d4       99%         5
 Freezing Cloud           Conj/Ice/Air   0%         6-21      100%        5
 Summon Forest            Summ/Tloc      0%         N/A       100%        5
 Dispersal                Tloc           0%         N/A       100%        6
 Eringya's Noxious Bog    Tmut/Pois      3%         N/A       100%        6
 Starburst                Conj/Fire      0%         6d3       100%        6
 Statue Form              Tmut/Erth      8%         N/A       100%        6
 Dragon Form              Tmut           5%         N/A       100%        7
 Enfeeble                 Hex            0%         N/A       100%        7
 Storm Form               Tmut/Air       3%         N/A       100%        7
 Summon Hydra             Summ           0%         N/A       100%        7
 Dragon's Call            Summ           0%         N/A       100%        9


Dungeon Overview and Level Annotations

Branches:
Dungeon (12/15)            Temple (1/1) D:4            Lair (5/5) D:11
  Swamp (4/4) Lair:2        Snake (1/4) Lair:2        Slime (0/5) Lair:4
    Orc (2/2) D:9             Elf (0/3) Orc:2         IceCv (visited)

Altars:
Ashenzari
Cheibriados
Dithmenos
Elyvilon
Fedhas
Gozag
Hepliaklqana
Kikubaaqudgha
Makhleb
Nemelex Xobeh
Okawaru
Qazlal
Ru
Sif Muna
Trog
Uskayaw
Vehumet
Wu Jian
Xom
Yredelemnul
Zin
The Shining One
Jiyva
Lugonu

Shops:
D:1 [   D:4 ?   D:5 =   D:8 =*!   D:12 *   Orc:2 *(:[


Innate Abilities, Weirdness & Mutations

You are too large for most types of armour.
You have claws for hands.
Your natural rate of healing is unusually fast.
You are covered in fur. (AC +1)
You have tough skin. (AC +1)


Message History

Unknown command.
As you read the scroll of teleportation, it crumbles to dust.
You feel strangely unstable.
You block the guardian serpent's attack.
You block the salamander's attack. The naga hits you with a +0 glaive!!
* * * LOW HITPOINT WARNING * * *
The naga grabs you. The naga constricts you.
* * * LOW HITPOINT WARNING * * *
The naga warrior barely misses you.
Unknown command.
Press: ? - help, v - describe, . - travel
Here: a naga, wielding a +0 glaive (constricting you, strong, concentrated venom)
The floor.
You barely miss the naga.
The guardian serpent hits you but does no damage.
You block the naga's attack. The naga constricts you.
* * * LOW HITPOINT WARNING * * *
You block the salamander's attack. The guardian serpent hits you.
* * * LOW HITPOINT WARNING * * *
The naga warrior hits you with a +0 flail.
* * * LOW HITPOINT WARNING * * *
There is nothing to wall jump against here.
Okay, then.
Aiming: Charm
Press: ? - help, Shift-Dir - straight line, f - naga
Aim: a naga, wielding a +0 glaive (constricting you, strong, concentrated venom, chance to affect: 31%)
Okay, then.
Unknown command.
Throw: 3 boomerangs (disperse)
Press: ? - help, Q - select action, (/) - cycle Shift-Dir - straight line, f - naga
Aim: a naga, wielding a +0 glaive (constricting you, strong, concentrated venom, 70% to hit)
You throw a boomerang of dispersal.
The boomerang of dispersal hits the naga and shatters, but does no damage.
The naga no longer looks unusually toxic.
The guardian serpent hits you!!
* * * LOW HITPOINT WARNING * * *
The salamander hits you from afar with a +0 glaive!
* * * LOW HITPOINT WARNING * * *
You are engulfed in flames!
You die...

... .. #....# ###
## ....# ##...#
#$...' #....#
#.N.N#######
#..SNN.......#
#@#)..# ..# #.#...#
..# ..##..># #..#
.# #.....#.####..
#.# #.....#...##.#
..#
#......[...##.##..#
##.........#......#
#................#
#.#..............##


You could see a naga warrior (catching breath), a salamander (strong), a
guardian serpent and 2 nagas.

Vanquished Creatures
  Saint Roka (Orc:2)
  Mlioglotl (Swamp:2)
  Gastronok (Lair:1)
  Aizul (Snake:1)
  An orc warlord (Orc:1)
  Nessos (Lair:4)
  2 eleionomae
  6 bunyips
  Snorg (D:12)
  Josephine (Orc:2)
  11 hydras
  Erolcha (Orc:2)
  3 ghost crabs
  An anaconda (Snake:1)
  3 boulder beetles
  5 two-headed ogres
  A merfolk avatar (Lair:5)
  2 centaur warriors (D:9)
  2 catoblepae
  14 alligators
  2 orc high priests
  3 death yaks (Lair:5)
  Urug (Orc:2)
  Nergalle (Orc:2)
  Sonja (D:12)
  9 spriggans
  2 skysharks
  3 goliath frogs
  A death drake (Swamp:3)
  2 spectral hydras (Swamp:3)
  2 naga ritualists (Snake:1)
  11 swamp dragons
  4 orc knights
  A harpy (Lair:5)
  6 bog bodies
  A wizard (D:10)
  2 deep elf pyromancers
  6 goliath frog zombies (Swamp:3)
  3 oklob plants
  3 ugly things
  3 mana vipers (Snake:1)
  A necromancer (Swamp:3)
  3 orc sorcerers (Orc:2)
  A wolf spider (Lair:1)
  2 will-o-the-wisps
  A large abomination (Swamp:3)
  9 elephants
  The ghost of pkoi the Covered, a novice MiFi of Okawaru (D:5)
  14 black mambas
  Maggie (D:7)
  2 ice statues (IceCv)
  A gargoyle (D:8)
  A guardian serpent (Snake:1)
  The ghost of WaxSun the Chopper, a novice FoCK of Xom (D:3)
  10 cane toads
  An unseen horror zombie (D:10)
  2 rime drakes (Lair:5)
  A kobold demonologist (D:9)
  A tengu conjurer (D:9)
  8 komodo dragons
  Psyche (D:12)
  3 swamp worm zombies (Swamp:3)
  4 freezing wraiths
  A bloated husk (Swamp:3)
  8 trolls
  12 hornets
  9 tyrant leeches
  4 polar bears
  4 spectral swamp dragons (Swamp:3)
  2 wind drakes (Lair:5)
  12 dream sheep
  15 blink frogs
  3 alligator zombies (Swamp:3)
  A snapping turtle (Lair:5)
  3 shadows (D:10)
  7 slime creatures
  35 yaks
  7 wraiths
  2 vampires (D:12)
  7 wyverns
  Eustachio (D:4)
  2 tyrant leech zombies (Swamp:3)
  5 basilisks
  8 steam dragons
  3 vampire mosquitoes
  2 death yak simulacra (IceCv)
  3 wargs
  17 swamp worms
  2 nagas (Lair:2)
  An acid dragon (D:10)
  16 water moccasins
  40 orc warriors
  2 sky beasts
  An ice beast (D:6)
  12 swamp drakes
  2 black bears
  9 ogres
  6 centaurs
  20 wolves
  12 bullfrogs
  3 kobold brigands
  5 necrophages
  4 scorpions
  A cane toad simulacrum (IceCv)
  3 gnoll sergeants (D:5)
  27 wights
  3 troll zombies (Swamp:3)
  A water moccasin skeleton (D:3)
  3 spriggan zombies (Swamp:3)
  4 killer bees (D:8)
  3 howler monkeys
  A human zombie (D:10)
  5 jellies
  5 centaur zombies (D:10)
  2 hounds
  A gnoll bouda (D:5)
  16 orc priests
  2 bullfrog skeletons (D:3)
  5 iguanas
  29 orc wizards
  A mummy (D:10)
  12 gnolls
  5 adders
  2 shadow imps (D:6)
  14 white imps
  An ufetubus (D:5)
  2 dart slugs
  A worm (D:2)
  82 orcs
  6 ball pythons
  12 endoplasms
  5 giant cockroaches
  4 goblins
  4 hobgoblins
  5 jackals
  6 quokkas
  6 bats
  2 frilled lizards
  18 kobolds
  8 rats
810 creatures vanquished.

Vanquished Creatures (collateral kills)
  the Lernaean hydra (Swamp:4)
  2 hydras (Swamp:4)
  3 swamp dragons (Swamp:4)
  2 swamp drakes (Swamp:4)
8 creatures vanquished.

Vanquished Creatures (others)
  A bloated husk (Swamp:4)
  A swamp drake (Swamp:4)
  An orc (D:7)
3 creatures vanquished.

Grand Total: 821 creatures vanquished

Notes
Turn   | Place    | Note
-------+----------+-------------------------------------------
     0 | D:1      | monsoonserge the Troll Fighter began the quest for the Orb.
     0 | D:1      | Reached XP level 1. HP: 22/22 MP: 0/0
    37 | D:1      | Found Cixkocw's Antique Armour Emporium.
   199 | D:1      | Found a faded altar of an unknown god.
   522 | D:1      | Reached XP level 2. HP: 29/29 MP: 1/1
  1082 | D:2      | Reached XP level 3. HP: 36/36 MP: 2/2
  1196 | D:2      | Reached skill level 3 in Unarmed Combat
  1442 | D:3      | Identified the +3 ring mail of the Original Sin {Rampage
                  | SInv}
  1469 | D:3      | Reached XP level 4. HP: 44/44 MP: 3/3
  1692 | D:3      | Noticed a necrophage
  1695 | D:3      | Found a transporter.
  1695 | D:3      | Noticed WaxSun's ghost (novice FoCK)
  1795 | D:3      | Found a transporter.
  1808 | D:3      | Found a burning altar of Makhleb.
  2069 | D:4      | Reached XP level 5. HP: 41/53 MP: 4/4
  2078 | D:4      | Reached skill level 4 in Unarmed Combat
  2126 | D:5      | Entered Level 5 of the Dungeon
  2188 | D:5      | Reached XP level 6. HP: 55/61 MP: 5/5
  2225 | D:5      | Identified the +2 trident of Mana {venom, Int+4}
  2225 | D:5      | Identified the +1 buckler of Philately {rPois rC+}
  2254 | D:5      | Reached skill level 5 in Unarmed Combat
  2310 | D:5      | Found an iron altar of Okawaru.
  2397 | D:5      | Found a transporter.
  2429 | D:5      | Noticed pkoi's ghost (novice MiFi)
  2434 | D:5      | Found a transporter.
  2582 | D:5      | Reached XP level 7. HP: 68/68 MP: 6/6
  2752 | D:5      | Found Bel Asyz's One-of-a-Kind Rings.
  2876 | D:4      | Noticed Eustachio
  2907 | D:4      | Killed Eustachio
  2908 | D:4      | Reached skill level 6 in Unarmed Combat
  2914 | D:4      | Found Fooluoj's Magic Scroll Shoppe.
  2924 | D:4      | Bought a scroll of teleportation for 42 gold pieces
  3065 | D:4      | Found a staircase to the Ecumenical Temple.
  3074 | Temple   | Entered the Ecumenical Temple
  3572 | D:5      | Found an ornate altar of the Wu Jian Council.
  3572 | D:5      | Found a sacrificial altar of Ru.
  3576 | D:5      | Became a worshipper of the Wu Jian Council
  3815 | D:6      | Reached skill level 5 in Shields
  3815 | D:6      | Reached XP level 8. HP: 79/79 MP: 7/7
  3819 | D:6      | Reached skill level 7 in Unarmed Combat
  3991 | D:6      | Reached skill level 5 in Fighting
  4131 | D:6      | Reached skill level 8 in Unarmed Combat
  4133 | D:6      | Reached * piety under Wu Jian
  4264 | D:6      | Found a shadowy altar of Dithmenos.
  4364 | D:7      | Reached XP level 9. HP: 35/88 MP: 8/8
  4501 | D:7      | Reached skill level 9 in Unarmed Combat
  4560 | D:7      | Found a snail-covered altar of Cheibriados.
  4580 | D:7      | Noticed Maggie
  4723 | D:3      | Killed WaxSun's ghost
  4954 | D:5      | Killed pkoi's ghost
  5168 | D:8      | Noticed a gargoyle
  5203 | D:7      | Killed Maggie
  5204 | D:7      | Reached skill level 10 in Unarmed Combat
  5223 | D:7      | Reached ** piety under Wu Jian
  5412 | D:8      | Reached XP level 10. HP: 100/100 MP: 9/9
  5603 | D:8      | Found Ogeklief's Jewellery Boutique.
  5621 | D:8      | Found Qynor's General Store.
  5627 | D:8      | Bought 6 atropa-tipped darts for 70 gold pieces
  5862 | D:8      | Found a hide-covered altar of Uskayaw.
  5862 | D:8      | Found a shimmering blue altar of Sif Muna.
  5862 | D:8      | Found a bloodstained altar of Trog.
  5862 | D:8      | Found a radiant altar of Vehumet.
  5868 | D:8      | Found a white marble altar of Elyvilon.
  5868 | D:8      | Found a broken altar of Ashenzari.
  5896 | D:8      | Found Oxaqul's Distillery.
  5957 | D:8      | Killed a gargoyle
  5974 | D:8      | Noticed a two-headed ogre
  5978 | D:8      | Killed a two-headed ogre
  5979 | D:8      | Reached skill level 11 in Unarmed Combat
  6154 | D:8      | Reached *** piety under Wu Jian
  6164 | D:8      | Identified 2 scrolls of acquirement
  6176 | D:8      | Acquired a manual of Unarmed Combat
  6178 | D:8      | Acquired 1289 gold pieces
  6606 | D:9      | Noticed a deep elf pyromancer
  6616 | D:9      | Killed a deep elf pyromancer
  6617 | D:9      | Noticed a centaur warrior
  6620 | D:9      | Reached skill level 12 in Unarmed Combat
  6625 | D:9      | Killed a centaur warrior
  6630 | D:9      | Noticed an eight-headed hydra
  6631 | D:9      | Reached XP level 11. HP: 71/113 MP: 10/10
  6637 | D:9      | Killed an eight-headed hydra
  6852 | D:9      | Found a staircase to the Orcish Mines.
  6866 | D:9      | Reached skill level 13 in Unarmed Combat
  6907 | D:10     | Entered Level 10 of the Dungeon
  7217 | D:9      | Reached skill level 14 in Unarmed Combat
  7239 | D:9      | Reached **** piety under Wu Jian
  7492 | D:9      | Identified the ring "Vocraus" {rC- rN+ rCorr MP-9 Str+8}
  7674 | D:10     | Noticed a two-headed ogre
  7684 | D:10     | Killed a two-headed ogre
  7770 | D:10     | Reached skill level 10 in Fighting
  7840 | D:10     | Reached skill level 15 in Unarmed Combat
  7903 | D:10     | Noticed a centaur warrior
  7903 | D:10     | Noticed a two-headed ogre
  7904 | D:10     | Noticed a wizard
  7916 | D:9      | Killed a centaur warrior
  8141 | D:10     | Found a basalt altar of Yredelemnul.
  8146 | D:10     | Reached XP level 12. HP: 127/127 MP: 11/11
  8304 | D:10     | Noticed a two-headed ogre
  8310 | D:10     | Killed a two-headed ogre
  8310 | D:10     | Noticed a boulder beetle
  8311 | D:10     | Reached skill level 16 in Unarmed Combat
  8363 | D:10     | Killed a two-headed ogre
  8375 | D:10     | Killed a boulder beetle
  8765 | D:11     | Reached ***** piety under Wu Jian
  8812 | D:11     | Found an ancient bone altar of Kikubaaqudgha.
  8874 | D:11     | Found a staircase to the Lair.
  8887 | D:11     | Reached skill level 10 in Shields
  9202 | D:12     | Noticed a boulder beetle
  9274 | D:12     | Killed a boulder beetle
  9275 | D:12     | Reached skill level 17 in Unarmed Combat
  9329 | D:12     | Noticed Sonja
  9343 | D:12     | Killed Sonja
  9367 | D:12     | Noticed Psyche
  9372 | D:12     | Killed Psyche
  9476 | D:12     | Found Edeaneh's Blood Bar.
  9546 | D:12     | Identified the +5 quarterstaff of Modesty {pain, Str+2}
  9771 | D:12     | Noticed Snorg
  9776 | D:12     | Killed Snorg
  9898 | Lair:1   | Entered Level 1 of the Lair of Beasts
  9936 | Lair:1   | Noticed Gastronok
  9945 | Lair:1   | Killed Gastronok
  9946 | Lair:1   | Reached XP level 13. HP: 118/140 MP: 12/12
 10866 | Lair:2   | Found a staircase to the Swamp.
 10878 | Lair:2   | Identified the +5 falchion "Rosk" {heavy, rPois rF+ rCorr
                  | Dex+3}
 10946 | Lair:2   | Found a staircase to the Snake Pit.
 11303 | Lair:2   | Reached skill level 18 in Unarmed Combat
 11399 | Lair:2   | Reached skill level 5 in Dodging
 11784 | Lair:3   | Reached ****** piety under Wu Jian
 12479 | Lair:4   | Noticed Nessos
 12752 | Lair:4   | Found a frozen archway.
 12770 | Lair:4   | Killed Nessos
 12771 | Lair:4   | Reached XP level 14. HP: 136/153 MP: 13/13
 12778 | IceCv    | Entered an ice cave
 12781 | IceCv    | Found a transporter.
 12813 | IceCv    | Found a transporter.
 12990 | Lair:4   | Found a viscous altar of Jiyva.
 12991 | Lair:4   | Found a staircase to the Slime Pits.
 13390 | Lair:4   | Identified the +1 ring mail "Nonexkaq" {Rampage}
 13480 | Lair:5   | Entered Level 5 of the Lair of Beasts
 13546 | Lair:5   | Reached skill level 19 in Unarmed Combat
 14625 | Lair:5   | Found the +8 trident of the Octopus King {venom, rElec
                  | rPois}
 14631 | Lair:5   | Identified the +7 spear "Erghox" {freeze, rPois rF+++ MP-9
                  | SInv}
 15226 | Orc:1    | Entered Level 1 of the Orcish Mines
 15573 | Orc:1    | Found an ornate altar of the Wu Jian Council.
 15573 | Orc:1    | Found a transporter.
 15592 | Orc:1    | Found a transporter.
 15599 | Orc:1    | Found a transporter.
 15616 | Orc:1    | Found a transporter.
 15616 | Orc:1    | Found an ornate altar of the Wu Jian Council.
 15616 | Orc:1    | Noticed an orc warlord
 15775 | Orc:2    | Entered Level 2 of the Orcish Mines
 15780 | Orc:2    | Noticed Erolcha
 15786 | Orc:2    | Killed Erolcha
 15826 | Orc:2    | Noticed Nergalle
 15829 | Orc:2    | Noticed Saint Roka
 15839 | Orc:2    | Noticed Urug
 15840 | Orc:2    | Killed Nergalle
 15885 | Orc:2    | Killed Urug
 15888 | Orc:2    | Reached skill level 20 in Unarmed Combat
 15896 | Orc:2    | Noticed Josephine
 15903 | Orc:2    | Killed Josephine
 15904 | Orc:2    | Reached XP level 15. HP: 62/161 MP: 14/14
 15915 | Orc:2    | Killed Saint Roka
 15935 | Orc:2    | Found Ifibek's Antique Weapon Shop.
 15948 | Orc:2    | Found Kuepnack's Antique Armour Shop.
 15959 | Orc:2    | Found Gokyi's Book Shop.
 15967 | Orc:2    | Found Ycekk's General Store.
 15998 | Orc:2    | Found a staircase to the Elven Halls.
 16032 | Orc:2    | Found a flickering gateway to a bazaar.
 16061 | Bazaar   | Entered a bazaar
 16061 | Bazaar   | Found Bysasos's Antique Weapon Boutique.
 16061 | Bazaar   | Found Aschefeost's Weapon Shop.
 16061 | Bazaar   | Found Uzeumeid's Jewellery Shoppe.
 16063 | Bazaar   | Found Zyranod's Book Emporium.
 16063 | Bazaar   | Found Gyacab's Antique Armour Shop.
 16124 | Bazaar   | Bought 6 datura-tipped darts for 75 gold pieces
 16347 | Orc:2    | Bought a potion of heal wounds for 60 gold pieces
 16347 | Orc:2    | Bought a scroll of noise for 12 gold pieces
 17252 | Swamp:1  | Entered Level 1 of the Swamp
 17563 | Swamp:1  | Identified the +6 glaive of the Desert {flame, rN+ Will+}
 18098 | Swamp:2  | Noticed Mlioglotl
 18175 | Swamp:2  | Killed Mlioglotl
 18490 | Swamp:2  | Reached skill level 21 in Unarmed Combat
 19281 | Swamp:3  | Reached skill level 1 in Earth Magic
 19316 | Swamp:3  | Reached skill level 1 in Transmutations
 19360 | Swamp:3  | Reached XP level 16. HP: 170/170 MP: 16/16
 19371 | Swamp:3  | Reached skill level 1 in Spellcasting
 19558 | Swamp:3  | Learned a level 2 spell: Blink
 19999 | Swamp:4  | Entered Level 4 of the Swamp
 20254 | Swamp:4  | Reached skill level 10 in Dodging
 20258 | Swamp:4  | Noticed the 27-headed Lernaean hydra
 20262 | Swamp:4  | Killed the 27-headed Lernaean hydra
 20348 | Swamp:4  | Got a decaying rune of Zot
 21260 | Snake:1  | Entered Level 1 of the Snake Pit
 21290 | Snake:1  | Reached skill level 5 in Earth Magic
 21393 | Snake:1  | Noticed Aizul
 21407 | Snake:1  | Killed Aizul
 21550 | Snake:1  | HP: 2/170 [salamander/+0 glaive (11)]
 21550 | Snake:1  | Mangled by a salamander

Illustrated notes

Levels and vault maps discovered:
D:1:      dpeg_arrival_rooms_b, layout_basic, serial_shops, shop,
          shapermc_ecumenical_altar_starsandcircs, nrook_loot_triangle
D:2:      minmay_alternating_diamond, layout_rooms
D:3:      layout_loops_ring, bloody_makhleb, gammafunk_ghost_mausoleum,
          minmay_misc_feat_five
D:4:      cheibrodos_fertilizer, layout_cave_pools,
          minmay_temple_entry_poolview, serial_shops,
          nicolae_shop_pleasant_corner_grove, reono_crystal_passage,
          uniq_eustachio
D:5:      layout_basic, mainiacjoe_overflow_alcove_2,
          gammafunk_temple_overflow_wave, gammafunk_ghost_gnarly_gnolls,
          nicolae_shop_unique_rings, nrook_mini_backslash
D:6:      layout_gridville, grunt_dithmenos_shadows
D:7:      layout_basic, lemuel_round_altar, uniq_maggie
D:8:      cheibrodos_elevator_heist, layout_loops_corners,
          minmay_overflow_temple_hex, serial_shops, shop,
          nicolae_shop_behind_doors, shop, supply_closet_lemuel,
          minmay_manual_macuahuitl
D:9:      minmay_blocky_corners, layout_basic, david_orc_5
D:10:     layout_loops_ring, lemuel_mausoleum_altar_yredelemnul, nzn_random_ring
D:11:     layout_big_octagon, minmay_lair_entry_grove, kiku_gazebo_garden_becter
D:12:     layout_roguey, guppyfry_shop_blood, uniq_snorg, uniq_psyche,
          uniq_sonja
Temple:   corrupted_temple
Lair:1:   layout_chaotic_city, nicolae_lair_run_with_the_wolves, uniq_gastronok
Lair:2:   nzn_winding_woodlands_medium [nzn_winding_woodlands_5x5_perimeter,
          nzn_winding_woodlands_5x15_pockets, nzn_winding_woodlands_5x5_three,
          nzn_winding_woodlands_5x5_checkerboard,
          nzn_winding_woodlands_center_diamonds,
          nzn_winding_woodlands_5x5_cross, nzn_winding_woodlands_5x5_open_star,
          nzn_winding_woodlands_5x15_zeroes, nzn_winding_woodlands_5x5_default],
          layout_small_grid, skrybe_swamp_entry_bodies,
          guppyfry_snake_entry_garden
Lair:3:   wander_river, layout_regular_city, grunt_megastairs_5,
          serial_bayou_shore_b
Lair:4:   layout_loops_ring, minmay_slime_entry_pillars,
          portal_ice_cave_entry_imps, uniq_nessos
Lair:5:   gammafunk_lair_ancient_temple, layout_regular_city
Swamp:1:  layout_basic_swamp, evilmike_swamp_ruin_house_6, swamp_pool1,
          hangedman_swamp_blocks
Swamp:2:  layout_basic_swamp, evilmike_swamp_ruin_rubble_2, swamp_pool4,
          uniq_mlioglotl
Swamp:3:  cheibrodos_swamp_mausoleum, layout_basic_swamp, serial_swamp_ruin,
          evilmike_swamp_ruin_house_5, evilmike_swamp_ruin_rubble_1,
          evilmike_swamp_ruin_house_2
Swamp:4:  swamp_old_school, layout_basic_swamp, swamp_pool5,
          nicolae_swamp_dragon_and_kin
Snake:1:  nrook_guardian_serpent_snake_passage, layout_misc_corridors,
          uniq_nikola, uniq_aizul
Orc:1:    dreamdust_wu_jian_sword_trials, layout_diamond_mine
Orc:2:    grunt_orc_cross, layout_caves, basic_altar, serial_shops,
          bzr_firewalk, uniq_josephine, uniq_erolcha, uniq_urug

Skill      XL: |  1  2  3  4  5  6  7  8  9 10 11 12 13 14 15 16 |
---------------+-------------------------------------------------+-----
Shields        | 3 4 5 6 8 9 10 11 12 13 | 13.3
Unarmed Combat | 3 4 5 6 8 10 12 15 17 18 20 21 | 21.1
Fighting       | 3 4 5 6 8 10 12 13 | 13.3
Dodging        | 3 4 5 7 9 10 | 10.0
Earth Magic    | 1 5 |  5.7
Transmutations | 1 4 |  4.7
Spellcasting   | 3 |  3.3

Action                     |  1- 3 |  4- 6 |  7- 9 | 10-12 | 13-15 | 16-18 || total
---------------------------+-------+-------+-------+-------+-------+-------++-------
  Melee: Unarmed           |   105 |   123 |   266 |   559 |  1174 |   293 ||  2520
  Throw: Dart              |       |       |     4 |     4 |       |       ||     8
         Large rock        |       |       |       |       |     3 |     3 ||     6
         Boomerang         |       |       |       |       |       |     1 ||     1
 Invoke: Serpent's Lash    |       |       |       |       |     3 |     1 ||     4
         Heavenly Storm    |       |       |       |       |     1 |       ||     1
Ability: Lunge             |       |       |    25 |    56 |   120 |    24 ||   225
         Whirlwind         |       |       |    27 |   111 |   280 |    46 ||   464
         Wall Jump         |       |       |       |       |     1 |       ||     1
  Evoke: Wand              |       |       |     6 |     3 |     6 |       ||    15
         Phantom mirror    |       |       |       |       |       |     1 ||     1
    Use: Scroll            |       |       |     7 |     6 |     6 |     4 ||    23
         Potion            |       |       |     4 |     1 |     5 |       ||    10
   Stab: Sleeping          |     1 |       |       |       |       |       ||     1
         Distracted        |       |       |       |     1 |       |       ||     1
         Invisible         |       |       |       |       |     2 |       ||     2
 Armour: Robe              |    29 |    55 |    35 |       |       |       ||   119
         Steam dragon scal |       |       |    18 |       |       |       ||    18
         Swamp dragon scal |       |       |     6 |    85 |    99 |    46 ||   236
         Skin              |       |       |       |    12 |     6 |       ||    18
  Dodge: Dodged            |    34 |    52 |    60 |   111 |   267 |    64 ||   588
         Repelled          |       |       |       |       |    10 |     6 ||    16
  Block: Kite shield       |    37 |    54 |   141 |   257 |   472 |   157 ||  1118
         Reflection        |       |     1 |     7 |    14 |    13 |     2 ||    37
